MLB
MEXICO CITY PADRES @ ARIZONA DIAMONDBACKS
05/30/2042
 
TOP OF THE 1ST
Mexico City Padres batting - Pitching for Arizona Diamondbacks : RHP William Birkeland
Pitching: RHP William Birkeland
Batting: LHB Greg Younger 0-0: Called Strike
0-1: Foul Ball, location: 2F
0-2: Foul Ball, location: 3F
0-2: Ball
1-2: Ball
2-2: Ground out 6-3 (Groundball, P, EV 80.0 MPH)
Batting: LHB Ángelo Martínez 0-0: Called Strike
0-1: Fly out, F7 (Line Drive, 7S, EV 93.8 MPH)
Batting: LHB Steve Morris 0-0: Called Strike
0-1: Ground out 3-1 (Groundball, 34S, EV 78.8 MPH)
Top of the 1st over - 0 runs, 0 hits, 0 errors, 0 left on base; Mexico City 0 - Arizona 0
BOTTOM OF THE 1ST
Arizona Diamondbacks batting - Pitching for Mexico City Padres : RHP Steve Brown
Pitching: RHP Steve Brown
Batting: RHB Jim Williams 0-0: Ball
1-0: Called Strike
1-1: Ground out 6-3 (Groundball, 6MS, EV 81.3 MPH)
Batting: RHB Teklu Malawa 0-0: Ball
1-0: Ball
2-0: Ground out 5-3 (Groundball, 56, EV 101.3 MPH)
Batting: SHB Joe Harris 0-0: Fly out, F7 (Line Drive, 7, EV 98.1 MPH)
Bottom of the 1st over - 0 runs, 0 hits, 0 errors, 0 left on base; Mexico City 0 - Arizona 0
TOP OF THE 2ND
Mexico City Padres batting - Pitching for Arizona Diamondbacks : RHP William Birkeland
Batting: LHB Mario Rosales 0-0: Called Strike
0-1: Ball
1-1: Ball
2-1: Ground out U3 (Groundball, 3L, EV 80.0 MPH)
Batting: SHB Tony Hinojosa 0-0: Swinging Strike
0-1: Foul Ball, location: 5F
0-2: Ball
1-2: Strikes out swinging
Batting: RHB Wilfred Sanders 0-0: Ball
1-0: SINGLE (Groundball, 6MD, EV 102.5 MPH)
Batting: RHB Germão Risques 0-0: Ball
1-0: Called Strike
1-1: Foul Ball, location: 2LF
1-2: Foul Ball, location: 2F
1-2: Strikes out swinging
Top of the 2nd over - 0 runs, 1 hit, 0 errors, 1 left on base; Mexico City 0 - Arizona 0
BOTTOM OF THE 2ND
Arizona Diamondbacks batting - Pitching for Mexico City Padres : RHP Steve Brown
Batting: LHB Sancho Morán 0-0: Called Strike
0-1: Foul Ball, location: 2F
0-2: Ball
1-2: Fly out, F8 (Flyball, 8LM, EV 95.0 MPH)
Batting: LHB Bob MacEachern 0-0: Swinging Strike
0-1: SINGLE (Groundball, 3S, EV 69.4 MPH) (infield hit)
Batting: RHB Orlando Gómes 0-0: Foul Ball, location: 2F
0-1: Ball
1-1: Foul Ball, location: 3F
1-2: Foul Ball, location: 3DF
1-2: Ball
2-2: Ball
3-2: Strikes out swinging
Batting: LHB Esteban Ayala 0-0: Called Strike
0-1: Swinging Strike
0-2: Ball
1-2: Strikes out swinging
Bottom of the 2nd over - 0 runs, 1 hit, 0 errors, 1 left on base; Mexico City 0 - Arizona 0
TOP OF THE 3RD
Mexico City Padres batting - Pitching for Arizona Diamondbacks : RHP William Birkeland
Batting: RHB Dan Adams 0-0: Foul Ball, location: 5F
0-1: Ball
1-1: Foul Ball, location: 3DF
1-2: Foul Ball, location: 23F
1-2: Foul Ball, location: 2F
1-2: Ball
2-2: Strikes out swinging
Batting: RHB Ken Fleming 0-0: Called Strike
0-1: Ball
1-1: Ball
2-1: DOUBLE (Line Drive, 9LM, EV 102.5 MPH)
Batting: LHB Greg Younger 0-0: Called Strike
0-1: Foul Ball, location: 5F
0-2: Ball
1-2: Ball
2-2: Ball
3-2: Foul Ball, location: 2F
3-2: Foul Ball, location: 2F
3-2: Foul Ball, location: 2F
3-2: Foul Ball, location: 7LMF
3-2: Ground out U3 (Groundball, 3S, EV 91.9 MPH)
Ken Fleming to third
Batting: LHB Ángelo Martínez 0-0: Ball
1-0: Foul Ball, location: 2RF
1-1: Foul Ball, location: 2F
1-2: Ball
Wild Pitch!
Ken Fleming scores
2-2: Foul Ball, location: 5F
2-2: Ball
3-2: Foul Ball, location: 7LMF
3-2: Foul Ball, location: 23FF
3-2: Base on Balls
Batting: LHB Steve Morris 0-0: Ball
1-0: Fly out, F5 (Line Drive, 5L, EV 70.0 MPH)
Top of the 3rd over - 1 run, 1 hit, 0 errors, 1 left on base; Mexico City 1 - Arizona 0
BOTTOM OF THE 3RD
Arizona Diamondbacks batting - Pitching for Mexico City Padres : RHP Steve Brown
Batting: LHB Cisco Silva 0-0: Called Strike
0-1: Ball
1-1: Ball
2-1: Foul Ball, location: 3FF
2-2: Ball
3-2: Strikes out looking
Batting: RHB Eddie Fields 0-0: Ball
1-0: Foul Ball, location: 9LSFF
1-1: Ball
2-1: Called Strike
2-2: Foul Ball, location: 9LMF
2-2: SINGLE (Groundball, 4MD, EV 101.9 MPH)
Batting: RHB Jim Williams 0-0: Ball
1-0: Ball
2-0: Called Strike
2-1: Called Strike
2-2: Ball
3-2: Foul Ball, location: 9LMF
3-2: SINGLE (Line Drive, 8LS, EV 100.6 MPH)
Eddie Fields to second
Batting: RHB Teklu Malawa 0-0: Ball
1-0: Swinging Strike
1-1: DOUBLE (Groundball, 5L, EV 105.6 MPH)
Eddie Fields scores
Jim Williams to third
Runner from 3rd tries for Home, SAFE, throw by LF to trailing runner, OUT at third! 7-3-5
Batting: SHB Joe Harris 0-0: Fly out, F7 (Line Drive, 7, EV 95.6 MPH)
Bottom of the 3rd over - 2 runs, 3 hits, 0 errors, 0 left on base; Mexico City 1 - Arizona 2
TOP OF THE 4TH
Mexico City Padres batting - Pitching for Arizona Diamondbacks : RHP William Birkeland
Batting: LHB Mario Rosales 0-0: Ball
1-0: Ball
2-0: Foul Ball, location: 9LMF
2-1: Foul Ball, location: 9LMF
2-2: Strikes out looking
Batting: SHB Tony Hinojosa 0-0: Called Strike
0-1: Ball
1-1: Foul Ball, location: 2F
1-2: Strikes out swinging
Batting: RHB Wilfred Sanders 0-0: Ground out 4-3 (Groundball, 4, EV 81.3 MPH)
Top of the 4th over - 0 runs, 0 hits, 0 errors, 0 left on base; Mexico City 1 - Arizona 2
BOTTOM OF THE 4TH
Arizona Diamondbacks batting - Pitching for Mexico City Padres : RHP Steve Brown
Batting: LHB Sancho Morán 0-0: Foul Ball, location: 7LMF
0-1: Foul Ball, location: 2F
0-2: Strikes out swinging
Batting: LHB Bob MacEachern 0-0: Ball
1-0: Called Strike
1-1: Ball
2-1: Ball
3-1: Ground out 1-3 (Groundball, 13S, EV 64.4 MPH)
Batting: RHB Orlando Gómes 0-0: Swinging Strike
0-1: Ball
1-1: Ground out 6-3 (Groundball, 6, EV 88.8 MPH)
Bottom of the 4th over - 0 runs, 0 hits, 0 errors, 0 left on base; Mexico City 1 - Arizona 2
TOP OF THE 5TH
Mexico City Padres batting - Pitching for Arizona Diamondbacks : RHP William Birkeland
Batting: RHB Germão Risques 0-0: Swinging Strike
0-1: Fly out, F8 (Flyball, 8LM, EV 91.3 MPH)
Batting: RHB Dan Adams 0-0: Ball
1-0: Ball
2-0: Ball
3-0: Called Strike
3-1: Foul Ball, location: 5F
3-2: Base on Balls
Batting: RHB Ken Fleming 0-0: Ball
1-0: Foul Ball, location: 2F
1-1: Swinging Strike
1-2: Ball
2-2: Strikes out swinging
Batting: LHB Greg Younger 0-0: Ball
1-0: Foul Ball, location: 7LMF
1-1: Foul Ball, location: 2F
1-2: Ball
2-2: Ground out 4-3 (Groundball, 4S, EV 80.0 MPH)
Top of the 5th over - 0 runs, 0 hits, 0 errors, 1 left on base; Mexico City 1 - Arizona 2
BOTTOM OF THE 5TH
Arizona Diamondbacks batting - Pitching for Mexico City Padres : RHP Steve Brown
Batting: LHB Esteban Ayala 0-0: Foul Ball, location: 2F
0-1: Foul Ball, location: 5DF
0-2: Strikes out swinging
Batting: LHB Cisco Silva 0-0: Ball
1-0: Foul Ball, location: 7LMF
1-1: Swinging Strike
1-2: Foul Ball, location: 2F
1-2: Ball
2-2: Foul Ball, location: 2RF
2-2: Fly out, F9 (Line Drive, 9, EV 90.0 MPH)
Batting: RHB Eddie Fields 0-0: Foul Ball, location: 23F
0-1: Called Strike
0-2: Foul Ball, location: 23F
0-2: Ball
1-2: Foul Ball, location: 2F
1-2: Ball
2-2: Strikes out swinging
Bottom of the 5th over - 0 runs, 0 hits, 0 errors, 0 left on base; Mexico City 1 - Arizona 2
TOP OF THE 6TH
Mexico City Padres batting - Pitching for Arizona Diamondbacks : RHP William Birkeland
Batting: LHB Ángelo Martínez 0-0: Ball
1-0: Fly out, F6 (Popup, P, EV 86.3 MPH)
Batting: LHB Steve Morris 0-0: Swinging Strike
0-1: Ball
1-1: Ground out 4-3 (Groundball, 4, EV 82.5 MPH)
Batting: LHB Mario Rosales 0-0: SINGLE (Line Drive, 6D, EV 103.8 MPH)
Batting: SHB Tony Hinojosa 0-0: Called Strike
0-1: Foul Ball, location: 7LSF
0-2: Strikes out looking
Top of the 6th over - 0 runs, 1 hit, 0 errors, 1 left on base; Mexico City 1 - Arizona 2
BOTTOM OF THE 6TH
Arizona Diamondbacks batting - Pitching for Mexico City Padres : RHP Steve Brown
Batting: RHB Jim Williams 0-0: Swinging Strike
0-1: Foul Ball, location: 7LSF
0-2: Ball
1-2: Foul Ball, location: 9LMFF
1-2: Strikes out swinging
Batting: RHB Teklu Malawa 0-0: Ball
1-0: Swinging Strike
1-1: Ball
2-1: Fly out, F4 (Popup, 4, EV 56.3 MPH)
Batting: SHB Joe Harris 0-0: Ball
1-0: Foul Ball, location: 2F
1-1: Foul Ball, location: 2F
1-2: Ball
2-2: Foul Ball, location: 2F
2-2: SINGLE (Line Drive, 4D, EV 96.3 MPH)
Batting: LHB Sancho Morán 0-0: Foul Ball, location: 2F
0-1: Called Strike
0-2: Ball
1-2: Fly out, F7 (Flyball, 7, EV 94.4 MPH)
Bottom of the 6th over - 0 runs, 1 hit, 0 errors, 1 left on base; Mexico City 1 - Arizona 2
TOP OF THE 7TH
Mexico City Padres batting - Pitching for Arizona Diamondbacks : RHP William Birkeland
Batting: RHB Wilfred Sanders 0-0: Ball
1-0: Ball
2-0: Ball
3-0: Base on Balls
Pitching: RHP Ron Bancroft
Pinch Hitting: LHB Ethan Glenn 0-0: Ball
Wilfred Sanders steals 2nd base
1-0: Foul Ball, location: 2F
1-1: Ball
2-1: Foul Ball, location: 5FF
2-2: Foul Ball, location: 2F
2-2: DOUBLE (Line Drive, 78M, EV 103.8 MPH)
Wilfred Sanders scores
Batting: RHB Dan Adams 0-0: Fly out, F7 (Flyball, 7, EV 94.4 MPH)
Batting: RHB Ken Fleming 0-0: Ball
1-0: Foul Ball, location: 25F
1-1: Ball
2-1: Ball
3-1: Called Strike
3-2: Foul Ball, location: 2F
3-2: SINGLE (Groundball, 6MD, EV 105.6 MPH)
Ethan Glenn to third
Runner from 3rd tries for Home, throw by CF and OUT! 8-2
Pitching: LHP Johnny Green
Pinch Hitting: RHB Hikaru Nii 0-0: Ball
1-0: Ball
2-0: Ball
3-0: Base on Balls
Ken Fleming to second
Batting: RHB Rico Rodríguez 0-0: Foul Ball, location: 9LDF
0-1: Ball
1-1: Foul Ball, location: 5F
1-2: Foul Ball, location: 7LSF
1-2: Ball
2-2: Strikes out swinging
Top of the 7th over - 1 run, 2 hits, 0 errors, 2 left on base; Mexico City 2 - Arizona 2
BOTTOM OF THE 7TH
Arizona Diamondbacks batting - Pitching for Mexico City Padres : RHP Steve Brown
Now at SS: Hikaru Nii
Now in CF: Ethan Glenn
Batting: LHB Bob MacEachern 0-0: Ball
1-0: Ball
2-0: DOUBLE (Line Drive, 78XD, EV 104.4 MPH)
Batting: RHB Orlando Gómes 0-0: Ball
1-0: Called Strike
1-1: Called Strike
1-2: Strikes out swinging
Batting: LHB Esteban Ayala 0-0: Foul Ball, location: 9LMF
0-1: Ball
1-1: Swinging Strike
1-2: Fly out, F7 (Flyball, 7, EV 102.5 MPH)
Batting: LHB Cisco Silva 0-0: Intentional Walk
Batting: RHB Eddie Fields 0-0: Foul Ball, location: 3F
0-1: Called Strike
0-2: Foul Ball, location: 2F
0-2: Foul Ball, location: 2F
0-2: Ball
1-2: Ball
2-2: Ball
3-2: Base on Balls
Bob MacEachern to third
Cisco Silva to second
Pitching: RHP Sean Matthews
Batting: RHB Jim Williams 0-0: Ball
1-0: Ground out 5-3 (Groundball, 5S, EV 79.4 MPH)
Bottom of the 7th over - 0 runs, 1 hit, 0 errors, 3 left on base; Mexico City 2 - Arizona 2
TOP OF THE 8TH
Mexico City Padres batting - Pitching for Arizona Diamondbacks : LHP Johnny Green
Batting: LHB Steve Morris 0-0: Ball
1-0: Ball
2-0: Ball
3-0: Called Strike
3-1: SINGLE (Line Drive, 9S, EV 108.8 MPH)
Batting: LHB Mario Rosales 0-0: Ball
1-0: Called Strike
1-1: Called Strike
1-2: Strikes out swinging
Batting: SHB Tony Hinojosa 0-0: Ball
1-0: Called Strike
1-1: Swinging Strike
1-2: Ball
2-2: Hit by Pitch
Steve Morris to second
Batting: RHB Wilfred Sanders 0-0: Ball
1-0: Called Strike
1-1: Foul Ball, location: 7LSFF
1-2: Foul Ball, location: 2F
1-2: Ball
2-2: Fielders Choice at 2nd, 5-4 (Groundball, 5, EV 88.8 MPH)
Steve Morris to third
Batting: LHB Ethan Glenn 0-0: Foul Ball, location: 7LDF
0-1: Foul Ball, location: 2F
0-2: Ball
1-2: Ball
2-2: Strikes out swinging
Top of the 8th over - 0 runs, 1 hit, 0 errors, 2 left on base; Mexico City 2 - Arizona 2
BOTTOM OF THE 8TH
Arizona Diamondbacks batting - Pitching for Mexico City Padres : RHP Sean Matthews
Pinch Hitting: LHB Tommy Rose 0-0: Ball
1-0: Swinging Strike
1-1: Fly out, F8 (Flyball, 8LD, EV 88.8 MPH)
Batting: SHB Joe Harris 0-0: Called Strike
0-1: Ball
1-1: Foul Ball, location: 2F
1-2: Ball
2-2: Fly out, F8 (Flyball, 8LD, EV 93.1 MPH)
Batting: LHB Sancho Morán 0-0: Called Strike
0-1: Called Strike
0-2: Foul Ball, location: 2F
0-2: Strikes out swinging, 2-3 out at first.
Bottom of the 8th over - 0 runs, 0 hits, 0 errors, 0 left on base; Mexico City 2 - Arizona 2
TOP OF THE 9TH
Mexico City Padres batting - Pitching for Arizona Diamondbacks : LHP Johnny Green
Pitching: LHP Lou Jackson
Now in LF: Tommy Rose
Now in CF: Joe Harris
Batting: RHB Dan Adams 0-0: Called Strike
0-1: Swinging Strike
0-2: Foul Ball, location: 5F
0-2: Ball
1-2: Ball
2-2: SINGLE (Groundball, 56, EV 96.3 MPH) (infield hit)
Batting: RHB Ken Fleming 0-0: Called Strike
0-1: Fly out, F5 (Line Drive, 5L, EV 66.9 MPH)
Batting: RHB Hikaru Nii 0-0: Ball
1-0: Bunted foul
1-1: Bunted foul
1-2: Strikes out swinging
Batting: RHB Rico Rodríguez 0-0: Ball
1-0: Ball
2-0: Ball
Dan Adams is caught stealing 2nd base 2-4
Top of the 9th over - 0 runs, 1 hit, 0 errors, 0 left on base; Mexico City 2 - Arizona 2
BOTTOM OF THE 9TH
Arizona Diamondbacks batting - Pitching for Mexico City Padres : RHP Sean Matthews
Batting: LHB Bob MacEachern 0-0: Called Strike
0-1: Swinging Strike
0-2: Ball
1-2: Strikes out swinging
Pinch Hitting: RHB Lou Jones 0-0: Foul Ball, location: 2F
0-1: Swinging Strike
0-2: Strikes out swinging
Batting: LHB Esteban Ayala 0-0: Ball
1-0: Called Strike
1-1: Ball
2-1: Called Strike
2-2: Foul Ball, location: 2F
2-2: Ground out 6-3 (Groundball, 6, EV 81.9 MPH)
Bottom of the 9th over - 0 runs, 0 hits, 0 errors, 0 left on base; Mexico City 2 - Arizona 2
TOP OF THE 10TH
Mexico City Padres batting - Pitching for Arizona Diamondbacks : LHP Lou Jackson
Hikaru Nii starts the inning at 2nd base.
Now at 3B: Lou Jones
Batting: RHB Rico Rodríguez 0-0: Intentional Walk
Batting: LHB Steve Morris 0-0: Fly out, F5 (Line Drive, 5, EV 69.4 MPH)
Batting: LHB Mario Rosales 0-0: Ball
1-0: Ball
2-0: Fly out, F8 (Flyball, 8RD, EV 91.9 MPH)
Runner from 2nd tags up, SAFE at 3rd with throw by CF
Batting: SHB Tony Hinojosa 0-0: Ball
1-0: Foul Ball, location: 2F
1-1: SINGLE (Line Drive, 7S, EV 105.0 MPH)
Hikaru Nii scores
Rico Rodríguez to second
Runner from 2nd tries for 3rd, SAFE, no throw by LF
Batting: RHB Wilfred Sanders 0-0: Ball
1-0: Ball
2-0: Foul Ball, location: 2LF
2-1: Ball
3-1: Swinging Strike
3-2: Strikes out swinging
Top of the 10th over - 1 run, 1 hit, 0 errors, 2 left on base; Mexico City 3 - Arizona 2
BOTTOM OF THE 10TH
Arizona Diamondbacks batting - Pitching for Mexico City Padres : RHP Sean Matthews
Esteban Ayala starts the inning at 2nd base.
Pitching: LHP Edgardo Peña
Pinch Hitting: RHB Joe Brown 0-0: Called Strike
0-1: Ball
1-1: Foul Ball, location: 3SF
1-2: Fly out, F8 (Line Drive, 78D, EV 94.4 MPH)
Batting: RHB Eddie Fields 0-0: Ball
1-0: Ball
2-0: Foul Ball, location: 23FF
2-1: Ball
3-1: Fly out, F7 (Flyball, 7D, EV 103.8 MPH)
Batting: RHB Jim Williams 0-0: Ball
1-0: Called Strike
1-1: Ball
2-1: Called Strike
2-2: Ground out 1-3 (Groundball, P, EV 62.5 MPH)
Bottom of the 10th over - 0 runs, 0 hits, 0 errors, 1 left on base; Mexico City 3 - Arizona 2
Friday, May 3rd , 2024 - OOTP Baseball 24.10 Build 82